Map: Central Protocol

Players

juhyg

  • Race: Zerg Zerg
  • League: Bronze

BansheeDream - Winner!

  • Race: Protoss Protoss
  • League: Silver

VOD

Have the link to the VOD?

Description

Time

  • Played on: Feb. 5, 2016, 7:28 p.m.
  • Length: 9:30
Show
View Real Time Build Order
Export as new Build Order

juhyg Zerg 

Build Orders: Pool First 

Get SALT Encoding   

  12  0:23  Drone x2  
  12  0:24  Overlord  
  14  0:39  Spawning Pool  
  14  0:42  Drone  
  14  0:47  Drone  
  15  0:56  Drone  
  16  1:07  Drone  
  17  1:18  Drone  
  18  1:25  Extractor  
  17  1:27  Queen  
  17  1:29  Drone  
  20  1:58  Drone  
  20  2:00  Zergling x2  
  22  2:24  Overlord x3  
  22  2:26  Metabolic Boost  
  22  2:44  Zergling x8  
  26  2:59  Zergling x2  
  27  3:10  Zergling x4  
  27  3:11  Zergling x4  
  31  3:31  Evolution Chamber  
  31  3:32  Zergling x4  
  32  3:40  Zergling x6  
  35  3:46  Lair  
  35  3:47  Zergling x2  
  36  3:54  Zergling x2  
  37  3:58  Zerg Melee Weapons Level 1  
  37  4:05  Zergling x2  
  38  4:13  Zergling x6  
  38  4:57  Zergling x2  
  38  4:58  Zergling x10  
  44  5:06  Hatchery  
  43  5:11  Zergling x2  
  26  5:52  Zerg Ground Armor Level 1  
  26  5:54  Roach Warren, Extractor  
  26  5:56  Zergling x8  
  28  6:05  Zergling x2  
  29  6:17  Drone  
  30  6:19  Drone  
  31  6:45  Hydralisk Den, Roach  
  31  6:46  Roach x5  
  42  6:52  Roach x3  
  48  6:57  Roach x2  
  52  7:09  Overlord x2  
  52  7:21  Overlord x3  
  52  7:22  Overlord  
  52  7:29  Hydralisk x2  
  53  7:31  Roach  
  57  7:52  Roach  
  57  7:54  Zergling x2  
  60  8:26  Hatchery  
  59  8:31  Drone  
Show
View Real Time Build Order
Export as new Build Order

BansheeDream Protoss - Winner!

Build Orders:  

Get SALT Encoding   

  12  0:01  Probe (Chrono Boost)  
  13  0:12  Probe (Chrono Boost)  
  14  0:18  Pylon  
  14  0:23  Probe (Chrono Boost)  
  15  0:31  Assimilator  
  15  0:36  Probe (Chrono Boost)  
  16  0:46  Probe (Chrono Boost)  
  17  0:50  Gateway  
  17  1:06  Probe (Chrono Boost)  
  18  1:15  Assimilator  
  18  1:17  Probe (Chrono Boost)  
  18  1:18  Pylon  
  19  1:30  Probe (Chrono Boost)  
  20  1:56  Zealot  
  22  2:02  Pylon  
  22  2:10  Cybernetics Core  
  22  2:13  Gateway x2  
  22  2:41  Nexus  
  22  2:47  Pylon  
  22  2:48  Pylon  
  22  2:56  Mothership Core (Chrono Boost)  
  24  3:01  Adept  
  24  3:04  Warp Gate (Chrono Boost)  
  28  3:13  Adept (Chrono Boost)  
  28  3:19  Adept (Chrono Boost)  
  30  3:26  Probe  
  31  3:38  Probe  
  36  3:44  Adept (Chrono Boost)  
  36  3:45  Stalker (Chrono Boost)  
  36  3:47  Stalker (Chrono Boost)  
  38  3:59  Twilight Council  
  38  4:14  Probe  
  38  4:15  Adept (Chrono Boost)  
  38  4:16  Probe, Adept (Chrono Boost)  
  44  4:47  Pylon  
  44  4:49  Pylon  
  38  5:09  Probe  
  38  5:11  Probe  
  40  5:23  Probe  
  37  5:31  Zealot  
  37  5:32  Zealot x2  
  37  5:35  Charge (Chrono Boost)  
  43  5:36  Probe  
  43  5:37  Probe  
  39  5:48  Probe  
  41  5:50  Probe  
  41  5:53  Assimilator  
  41  5:55  Assimilator  
  41  5:59  Probe  
  41  6:02  Probe  
  41  6:03  Pylon, Adept x2  
  41  6:04  Adept  
  49  6:09  Probe  
  50  6:14  Probe  
  51  6:32  Probe  
  52  6:44  Stargate, Probe  
  53  6:47  Stargate  
  53  6:48  Adept x3  
  53  6:51  Probe  
  60  6:56  Probe  
  61  7:02  Probe  
  61  7:07  Dark Shrine  
  62  7:25  Pylon  
  62  7:26  Pylon  
  62  7:27  Resonating Glaives (Chrono Boost)  
  62  7:28  Forge  
  62  7:33  Phoenix (Chrono Boost)  
  66  7:37  Phoenix (Chrono Boost)  
  66  7:59  Probe  
  66  8:00  Probe  
  68  8:06  Nexus  
  68  8:08  Pylon  
  68  8:10  Pylon  
  68  8:12  Pylon, Adept x2  
  72  8:15  Stalker  
  72  8:17  Pylon  
  74  8:39  Pylon  
  74  8:44  Photon Cannon  
  74  8:46  Photon Cannon  
  74  8:49  Photon Cannon  
  74  8:53  Photon Cannon  
  74  8:57  Photon Cannon  
  74  9:01  Pylon  
  74  9:02  Pylon  
  74  9:04  Robotics Facility  
  74  9:06  Robotics Facility  
Tags
 
Add a new tag
Caveats
  • Supply blocks, unpowered buildings, or Contaminate may cause inaccurate times.
  • Supply counts are checked every 10 seconds.